General information
- name: BNet
- type: Ladder team game (AT/RT)
- host: Battle.net
- saver: miguelitito
map: GnollWood
- players: 4
- length: 20:38
- speed: Fast
- version: 1.26 W3XP
- replay type: Public
» download(70 KB)
Players
team 1 (winner)
miguelitito (
yellow | 61 APM | 1256 actions | 20:38)
4 Blood Mage
2 Flame Strike
1 Siphon Mana
1 Banish
3 Mountain King
2 Storm Bolt
1 Bash
» actions
| Assign group hotkey | 36 | |
| Basic commands | 1 | |
| Build / train | 88 | |
| Enter build submenu | 25 | |
| Enter hero's abilities submenu | 10 | |
| Give item / drop item | 1 | |
| Remove unit from queue | 1 | |
| Right click | 683 | |
| Select / deselect | 250 | |
| Select group hotkey | 95 | |
| Use ability | 66 | |
1256 total
» units
| Peasant | 9 | |
| Footman | 7 | |
| Mortar Team | 4 | |
| Flying Machine | 11 | |
| Sorceress | 4 | |
| Knight | 6 | |
| Siege Engine | 1 | |
42 total
» upgrades
| Plating | 1 | |
| Flak Cannons | 1 | |
| Sorceress Training | 1 | |
| Flying Machine Bombs | 1 | |
| Barrage | 1 | |
| Fragmentation Shards | 1 | |
6 total
» buildings
| Altar of Kings | 1 | |
| Farm | 10 | |
| Arcane Vault | 1 | |
| Barracks | 1 | |
| Scout Tower | 3 | |
| Arcane Tower | 2 | |
| Keep | 1 | |
| Blacksmith | 1 | |
| Lumber Mill | 1 | |
| Workshop | 2 | |
| Arcane Sanctum | 1 | |
| Castle | 1 | |
25 total
» build order
00:05 Altar of Kings
00:09 Farm
00:55 Arcane Vault
01:22 Barracks
01:36 Farm
02:07 Scout Tower
02:10 Scout Tower
02:58 Farm
03:01 Farm
03:03 Scout Tower
03:53 Arcane Tower
04:16 Keep
05:15 Arcane Tower
05:23 Farm
06:12 Blacksmith
06:15 Lumber Mill
07:10 Workshop
08:56 Farm
10:45 Workshop
10:52 Arcane Sanctum
10:56 Farm
10:58 Farm
11:13 Castle
12:28 Farm
16:04 Farm
» items
| Scroll of Regeneration | 9 | |
| Lesser Clarity Potion | 11 | |
| Staff of Teleportation | 1 | |
| Circlet of Nobility | 3 | |
| Boots of Speed | 1 | |
| Potion of Lesser Invulnerability | 1 | |
26 total

»
cunedagavadim (
blue | 95 APM | 1470 actions | 15:24)
4 Blademaster
2 Wind Walk
2 Critical Strike
2 Shadow Hunter
1 Healing Wave
1 Hex
» actions
| Assign group hotkey | 27 | |
| Basic commands | 110 | |
| Build / train | 47 | |
| Enter build submenu | 15 | |
| Enter hero's abilities submenu | 6 | |
| Right click | 701 | |
| Select / deselect | 200 | |
| Select group hotkey | 325 | |
| Use ability | 39 | |
1470 total
» units
» upgrades
» buildings
| Altar of Storms | 1 | |
| Orc Burrow | 8 | |
| Barracks | 1 | |
| Voodoo Lounge | 1 | |
| War Mill | 1 | |
| Stronghold | 4 | |
| Beastiary | 2 | |
| Fortress | 3 | |
21 total
» build order
00:07 Altar of Storms
00:11 Orc Burrow
00:34 Barracks
01:25 Voodoo Lounge
02:02 Orc Burrow
03:55 Orc Burrow
04:14 War Mill
05:51 Stronghold
05:51 Stronghold
05:51 Stronghold
07:15 Orc Burrow
07:19 Orc Burrow
10:14 Beastiary
10:16 Beastiary
11:31 Orc Burrow
11:34 Orc Burrow
12:34 Orc Burrow
13:42 Fortress
13:42 Fortress
» items
| Healing Salve | 3 | |
| Scroll of Regeneration | 1 | |
4 total
team 2 (loser)

»
ALIENS83 (
pink | 46 APM | 690 actions | 15:05)
3 Demon Hunter
1 Mana Burn
2 Evasion
» actions
| Assign group hotkey | 17 | |
| Build / train | 50 | |
| Enter build submenu | 19 | |
| Enter hero's abilities submenu | 3 | |
| Right click | 309 | |
| Select / deselect | 147 | |
| Select group hotkey | 112 | |
| Use ability | 33 | |
690 total
» units
» buildings
| Altar of Elders | 1 | |
| Moon Well | 4 | |
| Ancient of War | 2 | |
| Hunter's Hall | 1 | |
| Ancient Protector | 5 | |
| Ancient of Wonders | 1 | |
| Tree of Ages | 3 | |
| Ancient of Lore | 1 | |
18 total
» build order
01:03 Altar of Elders
01:15 Moon Well
01:52 Moon Well
02:17 Ancient of War
03:53 Hunter's Hall
03:57 Ancient of War
04:58 Ancient Protector
05:03 Ancient Protector
05:21 Moon Well
06:11 Ancient of Wonders
09:45 Tree of Ages
09:45 Tree of Ages
09:46 Tree of Ages
10:12 Ancient Protector
10:16 Ancient Protector
10:21 Ancient Protector
13:26 Moon Well
13:38 Ancient of Lore
» items
| Boots of Speed | 1 | |
| Lesser Clarity Potion | 1 | |
2 total
SmokySynaps (
green | 27 APM | 419 actions | 15:23)
3 Paladin
1 Divine Shield
1 Devotion Aura
1 Holy Light
» actions
| Build / train | 35 | |
| Enter build submenu | 19 | |
| Enter hero's abilities submenu | 3 | |
| Right click | 206 | |
| Select / deselect | 120 | |
| Use ability | 36 | |
419 total
» units
| Peasant | 5 | |
| Gryphon Rider | 18 | |
| Forest Troll Berserker | 1 | |
| Mud Golem | 1 | |
25 total
» upgrades
» buildings
| Altar of Kings | 1 | |
| Farm | 7 | |
| Barracks | 1 | |
| Scout Tower | 1 | |
| Lumber Mill | 2 | |
| Keep | 1 | |
| Castle | 1 | |
| Gryphon Aviary | 1 | |
15 total
» build order
00:05 Altar of Kings
00:10 Farm
00:15 Barracks
01:52 Scout Tower
02:13 Lumber Mill
02:32 Lumber Mill
03:43 Keep
06:08 Castle
06:16 Gryphon Aviary
08:50 Farm
09:31 Farm
10:36 Farm
11:22 Farm
12:24 Farm
14:25 Farm
» items
| Staff of Teleportation | 1 | |
| Periapt of Vitality | 1 | |
| Boots of Speed | 1 | |
3 total
Chat log
(00:46 / Allies) miguelitito: hello
(00:51 / Allies) cunedagavadim: hi
(01:21 / Allies) cunedagavadim: units?
(01:27 / Allies) miguelitito: foot man then mix
(01:33 / Allies) cunedagavadim: k
(03:42 / Allies) cunedagavadim: b
(04:47 / Allies) miguelitito: gold please
(05:01 / Allies) miguelitito: ty a lot
(05:09 / Allies) cunedagavadim: np
(11:57 / Allies) miguelitito: go ?
(12:12 / Allies) cunedagavadim: w8
(12:45 / Allies) miguelitito: 100 g
(12:58 / Allies) miguelitito: ty